 Dungeon Crawl Stone Soup version 0.25.0-9-g26727b657a (webtiles) character file.

Game seed: 657845300395041876

8845 po7itron the Eye of the Storm (level 11, -3/89 HPs)
             Began as a Demonspawn Gladiator on June 19, 2020.
             Was a Priest of Qazlal.
             Slain by a freezing wraith (8 damage)
             ... on level 10 of the Dungeon on June 20, 2020.
             The game lasted 00:32:23 (11338 turns).

po7itron the Eye of the Storm (DsGl)               Turns: 11338, Time: 00:32:24

Health: -3/89      AC: 11    Str: 23    XL:     11   Next: 15%
Magic:  0/19       EV: 11    Int: 11    God:    Qazlal [***...]
Gold:   722        SH: 14    Dex: 15    Spells: 10/10 levels left

rFire    . . .     SeeInvis +   l - +1 morningstar (protect)
rCold    . . .     Gourm    .   B - +0 kite shield
rNeg     + . .     Faith    .   y - +2 ring mail "Ruozu" {Str+7}
rPois    .         Spirit   +   c - +0 helmet
rElec    .         Reflect  .   (no cloak)
rCorr    .         Harm     .   (no gloves)
MR       .....                  (boots unavailable)
Stlth    +.........             e - amulet of guardian spirit
HPRegen  0.24/turn              h - ring of see invisible
MPRegen  0.16/turn              r - ring of positive energy

@: slowed, very slow
A: talons 3, slimy green scales 2, rot immunity
a: Upheaval, Elemental Force, Renounce Religion


You were on level 10 of the Dungeon.
You worshipped Qazlal.
Qazlal was most pleased with you.
You were not hungry.

You visited 2 branches of the dungeon, and saw 11 of its levels.

You collected 806 gold pieces.
You spent 84 gold pieces at shops.

Inventory:

Hand Weapons
 a - a +0 war axe
 l - a +1 morningstar of protection (weapon)
 q - a +0 battleaxe
 F - a +0 short sword
Missiles
 d - 3 throwing nets
 t - 25 boomerangs (quivered)
Armour
 c - a +0 helmet (worn)
 y - the +2 ring mail "Ruozu" (worn) {Str+7}
   (You found it on level 6 of the Dungeon)

   It affects your strength (+7).
 z - the +2 leather armour of the Everdark {rN++}
   (You found it on level 8 of the Dungeon)

   It greatly protects you from negative energy.
 B - a +0 kite shield (worn)
Jewellery
 e - an amulet of guardian spirit (around neck)
 h - a ring of see invisible (left hand)
 n - an uncursed amulet of reflection
 r - a ring of positive energy (right hand)
 H - an uncursed ring of flight {unknown}
 I - an uncursed ring of resist corrosion {unknown}
Wands
 v - a wand of flame (16)
 x - a wand of random effects (24)
Scrolls
 i - 2 scrolls of identify
 j - 2 scrolls of blinking
 k - a scroll of amnesia
 m - 3 scrolls of remove curse
 o - 8 scrolls of teleportation
 p - 3 scrolls of enchant armour
 C - a scroll of fog {unknown}
 D - a scroll of silence {unknown}
 G - a scroll of holy word {unknown}
Potions
 b - 2 potions of stabbing
 g - a potion of magic
 s - a potion of curing
 u - 7 potions of lignification
 w - a potion of cancellation
Miscellaneous
 E - a lightning rod (4/4)
Comestibles
 f - 17 rations


   Skills:
 + Level 9.2 Fighting
 + Level 8.8 Axes
 - Level 6.0 Throwing
 - Level 4.0 Dodging
 - Level 4.0 Shields
 * Level 10.9 Invocations


You had 10 spell levels left.
You didn't know any spells.
Your spell library contained the following spells:

 Spells                   Type           Power        Failure   Level  Hunger
 Passwall                 Tmut/Erth      #.......     98%         2    ###....
 Swiftness                Chrm/Air       #.......     98%         2    ###....
 Passage of Golubria      Tloc           N/A          100%        4    #####..
 Lee's Rapid Deconstruct  Erth           #.........   100%        5    ######.
 Darkness                 Hex            #.........   100%        6    #######
 Invisibility             Hex            #.......     100%        6    #######


Dungeon Overview and Level Annotations

Branches:
Dungeon (10/15)            Temple (1/1) D:7            Lair (0/6) D:8
    Orc (0/2) D:9

Altars:
Ashenzari
Cheibriados
Dithmenos
Elyvilon
Fedhas
Gozag
Hepliaklqana
Kikubaaqudgha
Makhleb
Nemelex Xobeh
Okawaru
Qazlal
Ru
Sif Muna
Trog
Uskayaw
Vehumet
Wu Jian
Xom
Yredelemnul
Zin
The Shining One

Shops:
D:9 *

Annotations:
D:5 2 transporters, Sickboy's ghost, novice MiFi


Innate Abilities, Weirdness & Mutations

You have claws for feet.
You are mostly covered in slimy green scales. (AC +3)
You are immune to rotting.


Message History

You eat one of the 18 rations.
That ration really hit the spot!
The freezing wraith barely misses you. The freezing wraith closely misses you.
You feel less invigorated.
You feel yourself speed up.
You feel less confused.
You block the freezing wraith's attack. x2
You closely miss the freezing wraith.
You claw the freezing wraith, but do no damage.
The freezing wraith is lightly damaged.
The freezing wraith hits you! The freezing wraith freezes you!!
* * * LOW HITPOINT WARNING * * *
The freezing wraith hits you!
* * * LOW HITPOINT WARNING * * *
The freezing wraith drains your vigour!
You feel yourself slow down.
You closely miss the freezing wraith.
You claw the freezing wraith, but do no damage.
The freezing wraith is lightly damaged.
The freezing wraith hits you!
* * * LOW HITPOINT WARNING * * *
The freezing wraith freezes you!
You die...

#.#
+.....##.⌠..##.......#
#.######
#.....#....###.......#
#.#.....
#.....#...#..........#
....#
#......#.###...+.....#
..##
###'#.####...###.....#
#..# #....##...##
#.....# ##.#
#........# ##'####
##.### ##.☼##.### #.#
...#.##### ##.@..# #.#
.#.#)[.W.# ####W#####
#.# ..W#.###.#
#........# #.# ##.#)#
#)###..[.....# #.#
.#.).# #...#........#
#<# .###.#
###..........# #.#
.....# ###........#
#.# ##.### ####.#####
#.# #..# #.# #.#


You could see a freezing wraith.

Vanquished Creatures
  3 two-headed ogres
  An unseen horror (D:10)
  A hippogriff (D:8)
  A spriggan (D:7)
  A wraith (D:10)
  A yak (D:10)
  A hungry ghost (D:9)
  A soldier ant (D:10)
  A sky beast (D:9)
  8 orc warriors
  A porcupine (D:8)
  3 ice beasts
  2 phantoms
  4 black bears
  7 ogres
  A necrophage (D:9)
  8 centaurs
  4 bullfrogs
  A gnoll sergeant (D:9)
  A wyvern zombie (D:8)
  A water moccasin zombie (D:6)
  3 scorpions
  8 killer bees
  A howler monkey (D:4)
  6 crimson imps
  A quasit (D:10)
  A bullfrog zombie (D:5)
  7 orc priests
  2 centaur zombies
  8 orc wizards
  3 jellies
  A bullfrog skeleton (D:9)
  6 hounds
  4 worker ants
  An iguana (D:5)
  A hound zombie (D:8)
  2 hound skeletons
  A worker ant zombie (D:8)
  6 gnolls
  13 adders
  4 oozes
  An adder zombie (D:8)
  5 worms
  6 leopard geckos
  51 orcs
  5 giant cockroaches
  2 goblins
  8 hobgoblins
  12 jackals
  3 quokkas
  5 bats
  7 frilled lizards
  10 kobolds
  A leopard gecko skeleton (D:7)
  2 leopard gecko zombies
  A quokka zombie (D:8)
250 creatures vanquished.

Vanquished Creatures (others)
  5 fungi (D:8)
5 creatures vanquished.

Grand Total: 255 creatures vanquished

Notes
Turn   | Place    | Note
-------+----------+-------------------------------------------
     0 | D:1      | po7itron the Demonspawn Gladiator began the quest for the
                  | Orb.
     0 | D:1      | Reached XP level 1. HP: 16/16 MP: 1/1
   150 | D:1      | Gained mutation: You have sharp toenails. [demonic
                  | ancestry]
   150 | D:1      | Reached XP level 2. HP: 22/22 MP: 2/2
   593 | D:2      | Reached XP level 3. HP: 26/28 MP: 3/3
  1164 | D:2      | Found an iron altar of Okawaru.
  1416 | D:2      | Gained mutation: You are partially covered in slimy green
                  | scales. (AC +2) [demonic ancestry]
  1416 | D:2      | Reached XP level 4. HP: 27/34 MP: 4/4
  2129 | D:3      | Reached XP level 5. HP: 26/41 MP: 5/5
  2784 | D:4      | HP: 2/41 [orc priest/+0 falchion (1)]
  3174 | D:4      | Identified a +2 pair of boots of running (You found it on
                  | level 4 of the Dungeon)
  3260 | D:4      | Gained mutation: You are mostly covered in slimy green
                  | scales. (AC +3) [demonic ancestry]
  3260 | D:4      | Reached XP level 6. HP: 43/47 MP: 4/6
  3367 | D:4      | Found a hazy altar of Hepliaklqana.
  3450 | D:4      | Found a glowing golden altar of the Shining One.
  3602 | D:4      | Found a basalt altar of Yredelemnul.
  3604 | D:4      | Noticed a profane servitor
  3610 | D:4      | Noticed an angel
  3646 | D:5      | Entered Level 5 of the Dungeon
  3646 | D:5      | Found a shattered altar of Ashenzari.
  3696 | D:5      | Found a transporter.
  3697 | D:5      | Noticed Sickboy's ghost (novice MiFi)
  3708 | D:5      | Found a transporter.
  3831 | D:5      | Gained mutation: You have razor-sharp toenails. [demonic
                  | ancestry]
  3831 | D:5      | Reached XP level 7. HP: 17/54 MP: 2/7
  4295 | D:5      | Found a white marble altar of Elyvilon.
  4490 | D:5      | Found an ancient bone altar of Kikubaaqudgha.
  4968 | D:5      | Found a shimmering blue altar of Sif Muna.
  5334 | D:6      | Reached skill level 5 in Fighting
  5334 | D:6      | Reached skill level 5 in Axes
  5405 | D:6      | Found a shimmering altar of Xom.
  5437 | D:6      | Reached XP level 8. HP: 40/62 MP: 6/8
  5526 | D:6      | Reached skill level 5 in Throwing
  5751 | D:6      | Got an amber-encrusted ring mail
  5769 | D:6      | Identified the +2 ring mail "Ruozu" {Str+7} (You found it
                  | on level 6 of the Dungeon)
  6074 | D:6      | Found a bloodstained altar of Trog.
  6689 | D:7      | Gained mutation: You are immune to rotting. [demonic
                  | ancestry]
  6689 | D:7      | Reached XP level 9. HP: 58/71 MP: 7/9
  6802 | D:7      | Found a runed translucent door.
  6807 | D:7      | Found a basalt altar of Yredelemnul.
  6887 | D:7      | Found a staircase to the Ecumenical Temple.
  6897 | Temple   | Entered the Ecumenical Temple
  6939 | Temple   | Became a worshipper of Qazlal Stormbringer
  7058 | D:7      | Reached skill level 1 in Invocations
  7466 | D:7      | Found a white marble altar of Elyvilon.
  7466 | D:7      | Found a blossoming altar of Fedhas.
  7575 | D:8      | Reached skill level 2 in Invocations
  7688 | D:8      | Reached skill level 1 in Shields
  7697 | D:8      | Got a spiked leather armour
  7706 | D:8      | Reached skill level 3 in Invocations
  7733 | D:7      | Identified the +2 leather armour of the Everdark {rN++}
                  | (You found it on level 8 of the Dungeon)
  7794 | D:8      | Found a sparkling altar of Nemelex Xobeh.
  7832 | D:8      | Reached skill level 4 in Invocations
  7871 | D:8      | Reached skill level 5 in Invocations
  7891 | D:8      | Reached * piety under Qazlal
  8291 | D:8      | Found a staircase to the Lair.
  8352 | D:8      | Reached skill level 6 in Invocations
  8750 | D:8      | Found an opulent altar of Gozag.
  8912 | D:9      | Found a staircase to the Orcish Mines.
  8939 | D:9      | Gained mutation: You have claws for feet. [demonic
                  | ancestry]
  8939 | D:9      | Reached XP level 10. HP: 70/80 MP: 10/14
  9131 | D:9      | Found Rinycw's General Store.
  9137 | D:9      | Bought a potion of degeneration for 14 gold pieces
  9137 | D:9      | Bought a potion of berserk rage for 70 gold pieces
  9233 | D:9      | Reached ** piety under Qazlal
  9233 | D:9      | Reached skill level 7 in Invocations
  9357 | D:9      | Reached skill level 8 in Invocations
  9578 | D:9      | Noticed a two-headed ogre
  9584 | D:9      | Killed a two-headed ogre
  9590 | D:9      | Noticed a two-headed ogre
  9602 | D:9      | Killed a two-headed ogre
  9602 | D:9      | Reached *** piety under Qazlal
  9602 | D:9      | Reached skill level 9 in Invocations
  9849 | D:9      | Noticed a +0 hand axe
  9850 | D:9      | Found a hide-covered altar of Uskayaw.
  9850 | D:9      | Noticed a +0 hand axe
 10254 | D:9      | Found a glowing silver altar of Zin.
 10333 | D:10     | Entered Level 10 of the Dungeon
 10352 | D:10     | Reached skill level 10 in Invocations
 10372 | D:10     | Noticed a two-headed ogre
 10374 | D:10     | Noticed an unseen horror
 10383 | D:10     | Killed an unseen horror
 10383 | D:10     | Reached XP level 11. HP: 72/89 MP: 6/18
 10400 | D:10     | Killed a two-headed ogre
 10740 | D:10     | Found a white marble altar of Elyvilon.
 11338 | D:10     | Slain by a freezing wraith

Illustrated notes

Levels and vault maps discovered:
D:1:      lightli_arrival_maybe_door_vault, layout_basic
D:2:      layout_loops_ring, okawaru_ov_weapons_minmay
D:3:      layout_loops_corners, ebering_dispersal_statue_hall
D:4:      layout_rooms, grunt_temple_overflow_holy_war, kennysheep_mini_moat,
          first_ration
D:5:      layout_basic, overflow_temple_1_default, led_sif_pool,
          gammafunk_ghost_mausoleum, basic_altar, minmay_misc_feat_encased,
          elyvilon_altar_1
D:6:      layout_basic, xom_teletrap_fun, trog_ov_bears_minmay, centaur_isle
D:7:      layout_cave_pools, amethyst_overflow_temple_binary,
          minmay_temple_entry_wispy, the_bakery, dk_yredelemnul_ordeal
D:8:      layout_cave_pools, nemelex_xobeh_ov_fountains_minmay,
          old_standard_altar, grunt_lair_entry_orc_guard_hut
D:9:      layout_big_octagon, lemuel_coloured_pillars_altar,
          dancing_weapons_uskayaw, hiddenorc2_lemuel, serial_shops, shop,
          kennysheep_kite_vault
D:10:     layout_roguey, minmay_ruined_shrine, uniq_fannar
Temple:   kb_temple_of_zot

Skill      XL: |  1  2  3  4  5  6  7  8  9 10 |
---------------+-------------------------------+-----
Throwing       | 2 3 4 6 |  6.0
Dodging        | 3 4 |  4.0
Axes           | 3 4 5 6 7 8 |  8.8
Fighting       | 3 4 5 6 7 9 |  9.2
Invocations    | 6 10 | 10.9
Shields        | 3 4 |  4.0

Action                   |  1- 3 |  4- 6 |  7- 9 | 10-12 || total
-------------------------+-------+-------+-------+-------++-------
Melee: War axe           |    90 |    79 |       |       ||   169
       Kick              |    15 |    22 |       |    82 ||   119
       Morningstar       |       |    81 |   403 |   244 ||   728
Throw: Boomerang         |       |     8 |    24 |     1 ||    33
Evoke: Wand              |       |       |       |     2 ||     2
  Use: Scroll            |       |    10 |     4 |       ||    14
       Potion            |       |       |    10 |     6 ||    16
  Eat: Chunk             |     2 |     7 |    10 |     4 ||    23
       Ration            |       |       |     2 |     2 ||     4
Armor: Leather armour    |    27 |    19 |       |       ||    46
       Ring mail         |       |    39 |   274 |   184 ||   497
       Scale mail        |       |       |     6 |       ||     6
       Skin              |       |       |    46 |       ||    46
Dodge: Dodged            |    73 |    91 |   337 |   173 ||   674
Block: Other             |       |    16 |       |       ||    16
       Kite shield       |       |       |   239 |   261 ||   500
